Map: Molten Temple

Players

niledelta

  • Race: Zerg Zerg
  • Spawn Location: 3:00

ТЁПЛЫЙ

  • Race: Protoss Protoss
  • Spawn Location: 3:00

КрэйзиЩук

  • Race: Terran Terran
  • Spawn Location: 3:00

Loken - Winner!

  • Race: Zerg Zerg
  • League: Platinum
  • Spawn Location: 9:00

dallaskuken - Winner!

  • Race: Protoss Protoss
  • League: Platinum
  • Spawn Location: 9:00

TimeTwist - Winner!

  • Race: Zerg Zerg
  • Spawn Location: 9:00

VOD

Have the link to the VOD?

Description

Time

  • Played on: March 22, 2017, 4:44 a.m.
  • Length: 14:19
Show
View Real Time Build Order
Export as new Build Order

niledelta Zerg 

Build Orders: Hatch First 

Get SALT Encoding   

  12  0:30  Hatchery  
  11  0:48  Spawning Pool  
  10  0:52  Drone  
  11  0:57  Drone  
  11  1:03  Drone  
  13  1:08  Drone  
  14  1:17  Overlord  
  14  1:21  Extractor  
  13  1:30  Drone  
  14  1:43  Drone  
  15  1:49  Drone x2  
  17  2:06  Drone  
  17  2:07  Extractor  
  17  2:08  Queen  
  19  2:14  Drone  
  19  2:15  Drone  
  21  2:16  Drone  
  21  2:20  Drone x2  
  24  2:35  Drone  
  25  2:38  Drone  
  26  2:45  Lair  
  26  2:50  Drone  
  27  2:51  Drone  
  27  2:53  Overlord  
  28  3:18  Drone  
  28  3:19  Drone x5  
  34  3:21  Drone x2  
  34  3:26  Extractor  
  35  3:27  Drone  
  35  3:28  Extractor  
  35  3:31  Overlord  
  35  3:54  Overlord x2  
  35  4:00  Infestation Pit, Drone x2  
  35  4:02  Spore Crawler  
  35  4:07  Spore Crawler  
  34  4:32  Spire  
  34  4:37  Hive  
  33  4:47  Drone  
  33  4:48  Drone x2  
  36  4:57  Hatchery  
  36  4:58  Drone x4  
  39  5:06  Drone x3  
  42  5:20  Spore Crawler  
  41  5:23  Spore Crawler  
  40  5:28  Drone  
  40  5:29  Drone  
  42  5:38  Drone x2  
  42  5:39  Drone  
  45  5:54  Drone x2  
  45  5:55  Drone  
  48  6:03  Corruptor x4  
  48  6:04  Corruptor  
  54  6:08  Greater Spire  
  58  6:12  Overlord x2  
  58  6:13  Overlord  
  58  6:20  Spore Crawler  
  57  6:43  Corruptor x5  
  67  6:57  Extractor  
  67  6:58  Extractor, Corruptor x2  
  67  6:59  Evolution Chamber, Corruptor  
  70  7:10  Overlord x3  
  72  7:22  Brood Lord  
  72  7:23  Brood Lord  
  72  7:26  Zerg Melee Weapons Level 1  
  74  7:36  Corruptor x2  
  78  7:48  Zerg Flyer Weapons Level 1  
  78  7:51  Brood Lord  
  80  7:52  Brood Lord  
  80  7:53  Corruptor  
  84  8:02  Corruptor  
  86  8:08  Drone x3  
  86  8:10  Drone x3  
  92  8:26  Corruptor  
  92  8:27  Corruptor x2  
  98  9:06  Corruptor  
  98  9:07  Corruptor x5  
  110  9:29  Brood Lord x2  
  114  9:31  Overlord x2  
  114  9:32  Overlord x5  
  114  9:40  Zerg Melee Weapons Level 2  
  114  9:45  Zerg Flyer Weapons Level 2  
  114  10:09  Spore Crawler  
  114  10:11  Spore Crawler  
  112  10:14  Spore Crawler  
Show
View Real Time Build Order
Export as new Build Order

ТЁПЛЫЙ Protoss 

Build Orders: Oracle Opening 

Get SALT Encoding   

  12  0:01  Probe (Chrono Boost)  
  13  0:11  Probe (Chrono Boost)  
  14  0:20  Pylon  
  14  0:24  Probe (Chrono Boost)  
  15  0:38  Probe (Chrono Boost)  
  15  0:39  Gateway  
  16  0:45  Assimilator  
  16  0:48  Probe (Chrono Boost)  
  17  0:59  Probe (Chrono Boost)  
  17  1:03  Gateway  
  18  1:11  Pylon  
  18  1:16  Probe (Chrono Boost)  
  19  1:27  Zealot  
  19  1:30  Assimilator  
  21  1:38  Probe (Chrono Boost)  
  22  1:49  Cybernetics Core  
  22  1:52  Pylon  
  22  1:56  Probe (Chrono Boost)  
  23  2:20  Gateway  
  23  2:25  Warp Gate  
  24  2:31  Stargate  
  24  2:35  Mothership Core (Chrono Boost)  
  25  2:39  Pylon  
  25  2:53  Probe (Chrono Boost)  
  26  3:11  Stargate  
  26  3:13  Pylon  
  26  3:28  Oracle  
  26  3:31  Pylon  
  26  3:32  Probe (Chrono Boost)  
  30  3:43  Forge  
  30  3:52  Void Ray  
  34  4:41  Void Ray  
  38  4:45  Nexus  
  38  4:48  Assimilator  
  38  4:53  Pylon  
  38  4:59  Assimilator  
  38  5:17  Void Ray  
  42  5:31  Photon Cannon  
  42  5:35  Pylon  
  42  5:47  Robotics Facility  
  42  6:05  Stargate  
  42  6:07  Pylon  
  42  6:14  Probe (Chrono Boost)  
  43  6:22  Photon Cannon  
  43  6:25  Probe (Chrono Boost)  
  40  6:39  Phoenix  
  32  6:42  Phoenix  
  36  6:47  Probe (Chrono Boost)  
  37  6:58  Probe (Chrono Boost)  
  38  7:01  Phoenix  
  38  7:02  Phoenix  
  38  7:08  Observer  
  43  7:11  Probe (Chrono Boost)  
  45  7:16  Probe (Chrono Boost)  
  45  7:22  Probe (Chrono Boost)  
  46  7:26  Pylon  
  46  7:28  Probe (Chrono Boost)  
  47  7:32  Probe (Chrono Boost)  
  47  7:35  Phoenix  
  50  7:44  Phoenix  
  52  7:50  Probe (Chrono Boost)  
  53  7:56  Probe (Chrono Boost)  
  53  7:57  Phoenix  
  54  8:00  Probe (Chrono Boost)  
  57  8:08  Probe (Chrono Boost)  
  57  8:11  Probe (Chrono Boost)  
  59  8:13  Phoenix  
  61  8:42  Phoenix  
  61  8:45  Phoenix  
  65  8:51  Probe (Chrono Boost)  
  66  9:01  Probe (Chrono Boost)  
  67  9:09  Pylon  
  67  9:12  Probe (Chrono Boost)  
  67  9:15  Phoenix, Fleet Beacon  
  70  9:33  Phoenix  
  72  9:39  Probe (Chrono Boost)  
  73  9:50  Probe (Chrono Boost)  
  72  9:56  Pylon  
  72  9:58  Nexus  
  72  10:00  Phoenix  
  72  10:03  Phoenix  
  72  10:06  Anion Pulse-Crystals  
  73  10:22  Phoenix  
  73  10:25  Phoenix  
  76  10:41  Carrier  
Show
View Real Time Build Order
Export as new Build Order

КрэйзиЩук Terran 

Build Orders: MMM Bio 

Get SALT Encoding   

  12  0:01  SCV  
  13  0:13  SCV  
  14  0:25  SCV  
  14  0:26  Supply Depot  
  15  0:38  Supply Depot  
  15  0:51  Barracks  
  15  1:01  Barracks  
  15  1:16  SCV  
  15  1:17  Barracks  
  16  1:26  Refinery  
  16  1:29  SCV  
  17  1:39  Marine  
  18  1:48  Marine  
  19  1:55  Supply Depot  
  19  1:56  Marine  
  20  2:06  Marine x2  
  22  2:12  Engineering Bay  
  22  2:20  Orbital Command  
  22  2:24  Marine  
  23  2:30  Supply Depot  
  23  2:37  Marine x2  
  23  2:42  Marine  
  26  2:45  Missile Turret  
  26  2:57  SCV, Missile Turret  
  27  3:09  SCV  
  28  3:15  Factory  
  28  3:17  Marine x3  
  31  3:26  SCV  
  32  3:36  Refinery  
  32  3:38  SCV  
  33  3:44  Barracks Tech Lab  
  33  3:54  Barracks Reactor  
  33  4:00  Factory Reactor  
  33  4:21  Combat Shields  
  33  4:51  Hellion x2  
  37  4:55  Command Center  
  37  5:12  Marine x2  
  37  5:13  Hellion x2  
  43  5:21  Terran Infantry Weapons Level 1  
  43  5:26  Armory  
  43  5:33  Supply Depot  
  43  5:34  Hellion x2  
  47  5:56  Barracks Tech Lab  
  47  5:59  SCV  
  48  6:07  SCV  
  49  6:11  SCV  
  49  6:12  Refinery  
  50  6:19  SCV  
  50  6:22  Factory Tech Lab  
  50  6:23  Terran Vehicle Weapons Level 1  
  51  6:26  Starport  
  51  6:29  Supply Depot  
  51  6:32  SCV  
  52  6:35  Marine x4  
  56  6:44  SCV  
  57  6:50  Stimpack  
  57  6:53  Marine x4  
  61  6:56  SCV  
  62  7:04  Missile Turret  
  62  7:05  Missile Turret  
  62  7:08  SCV  
  63  7:20  SCV  
  64  7:23  Starport Reactor  
  64  7:28  Starport  
  64  7:30  Thor  
  64  7:32  SCV  
  71  7:38  Missile Turret  
  71  7:45  Missile Turret  
  71  7:51  Refinery  
  71  7:52  SCV  
  72  8:04  SCV  
  70  8:12  Viking x2  
  73  8:16  SCV  
  78  8:22  Terran Vehicle And Ship Armor Level 1, Supply Depot  
  78  8:28  SCV  
  78  8:31  Starport Tech Lab  
  79  8:35  Fusion Core  
  79  8:43  Supply Depot  
  50  9:05  Marine x4  
  50  9:07  Thor  
  60  9:23  Marine  
  55  9:35  Viking x2  
  59  9:45  Orbital Command  
  59  10:03  Marine x2  
  59  10:04  Marine x2  
  63  10:18  Thor  
  69  10:21  Marine x2  
  69  10:26  Starport  
  71  10:29  SCV  
  72  10:41  SCV, Marine x4  
  63  10:58  Marine  
  63  10:59  SCV  
  64  11:11  SCV  
  65  11:12  Starport Tech Lab  
  65  11:23  SCV  
  66  11:35  SCV  
  67  11:47  SCV  
  67  11:59  SCV  
  43  12:21  Marine x4  
  37  12:26  Viking x2  
  37  12:27  Viking  
  44  12:39  Marine x4  
  32  12:56  Marine  
  32  12:57  Marine x3  
  21  13:14  Marine x2  
  21  13:15  Marine x2  
  18  13:32  Marine x3  
  18  13:33  Marine  
  21  13:46  Factory Tech Lab  
  21  13:50  Marine x4  
Show
View Real Time Build Order
Export as new Build Order

Loken Zerg - Winner!

Build Orders: Hatch First 

Get SALT Encoding   

  12  0:02  Drone  
  13  0:10  Drone  
  14  0:18  Overlord  
  14  0:28  Overlord  
  14  0:37  Drone x2  
  16  0:46  Drone  
  17  0:56  Drone  
  18  1:07  Hatchery  
  18  1:08  Drone  
  18  1:17  Drone  
  19  1:25  Spawning Pool  
  18  1:28  Drone  
  18  1:31  Extractor  
  18  1:36  Extractor  
  17  1:40  Drone  
  18  1:49  Drone  
  19  1:56  Extractor  
  19  2:00  Drone  
  19  2:12  Drone  
  20  2:17  Queen  
  20  2:19  Queen  
  24  2:31  Drone x3  
  27  2:42  Drone  
  27  2:43  Drone  
  29  2:47  Metabolic Boost  
  29  3:00  Lair  
  29  3:03  Drone  
  29  3:04  Drone x2  
  32  3:09  Overlord  
  32  3:28  Extractor  
  32  3:33  Drone x7  
  38  3:53  Spore Crawler  
  37  4:01  Spire  
  37  4:02  Drone  
  37  4:03  Drone x4  
  41  4:11  Drone  
  41  4:12  Drone x2  
  41  4:15  Overlord  
  44  4:20  Overlord  
  44  4:29  Infestation Pit  
  43  4:36  Spore Crawler  
  42  4:42  Drone  
  42  4:43  Drone x6  
  49  5:17  Overlord x2  
  49  5:25  Mutalisk x5  
  59  5:41  Mutalisk x6  
  59  5:42  Hatchery  
  70  5:45  Zerg Flyer Weapons Level 1  
  70  5:48  Overlord  
  70  6:06  Hive  
  70  6:17  Mutalisk x4  
  78  6:59  Drone  
  78  7:00  Drone x11, Extractor  
  89  7:01  Extractor  
  89  7:02  Overlord  
  89  7:03  Overlord x3  
  88  7:16  Hatchery, Queen  
  89  7:30  Adrenal Glands  
  89  7:38  Queen  
  89  7:41  Hatchery, Greater Spire  
  90  7:46  Drone x9  
  90  7:47  Drone x6  
  105  8:26  Queen  
  107  8:34  Evolution Chamber  
  107  8:35  Evolution Chamber  
  105  8:43  Overlord x4  
  105  8:44  Overlord  
  105  8:46  Mutalisk x10  
  105  8:47  Mutalisk  
  127  9:18  Zerg Flyer Weapons Level 2  
  127  9:38  Zerg Melee Weapons Level 1  
  127  9:39  Zerg Ground Armor Level 1  
  127  9:46  Zergling x6  
  127  9:47  Zergling x36  
  148  10:10  Zergling x2  
  148  10:11  Zergling x20  
  129  11:19  Zergling x2  
  129  11:20  Zergling x32  
  129  11:21  Zergling x4  
  124  11:42  Zerg Melee Weapons Level 2  
  124  11:43  Zerg Ground Armor Level 2  
  124  11:47  Zergling x2  
  124  11:48  Zergling x12  
  131  12:02  Zergling x2  
  131  12:03  Zergling x12  
  110  12:41  Mutalisk  
  110  12:42  Mutalisk x12  
  110  12:43  Mutalisk x2  
  131  12:50  Mutalisk  
  131  12:51  Mutalisk x17  
  130  12:55  Overlord x3  
  130  12:56  Overlord x6  
  160  13:02  Zergling x2  
  160  13:03  Zergling x24  
  160  13:04  Zergling x4  
  156  13:54  Zergling x2  
  156  13:55  Zergling x28  
  167  13:57  Zergling x2  
  167  13:58  Zergling x4  
Show
View Real Time Build Order
Export as new Build Order

dallaskuken Protoss - Winner!

Build Orders:  

Get SALT Encoding   

  12  0:02  Probe (Chrono Boost)  
  13  0:25  Pylon  
  13  0:26  Probe (Chrono Boost)  
  14  0:39  Probe (Chrono Boost)  
  15  0:46  Forge  
  15  1:01  Pylon  
  15  1:09  Probe (Chrono Boost)  
  16  1:20  Probe (Chrono Boost)  
  16  1:23  Gateway  
  17  1:30  Probe (Chrono Boost)  
  18  1:33  Gateway  
  18  1:37  Photon Cannon  
  18  1:40  Photon Cannon  
  18  1:41  Probe (Chrono Boost)  
  19  1:52  Pylon  
  19  2:00  Probe (Chrono Boost)  
  20  2:10  Probe (Chrono Boost)  
  21  2:21  Probe (Chrono Boost)  
  22  2:26  Nexus  
  22  2:31  Probe (Chrono Boost)  
  22  2:33  Zealot  
  25  2:42  Probe (Chrono Boost)  
  25  2:43  Cybernetics Core  
  26  2:46  Pylon  
  26  3:06  Pylon  
  26  3:15  Assimilator  
  26  3:18  Assimilator  
  26  3:20  Pylon  
  26  3:23  Probe (Chrono Boost)  
  27  3:35  Assimilator  
  27  3:39  Assimilator  
  27  3:43  Probe (Chrono Boost)  
  27  3:45  Probe (Chrono Boost)  
  29  3:53  Probe (Chrono Boost)  
  31  3:55  Probe (Chrono Boost)  
  31  4:04  Probe (Chrono Boost)  
  31  4:06  Probe (Chrono Boost)  
  33  4:14  Probe (Chrono Boost)  
  33  4:16  Probe (Chrono Boost)  
  34  4:25  Probe (Chrono Boost)  
  34  4:26  Stargate  
  34  4:27  Probe (Chrono Boost)  
  30  4:38  Probe (Chrono Boost)  
  29  4:48  Probe (Chrono Boost)  
  29  4:49  Pylon, Probe (Chrono Boost)  
  31  4:59  Probe (Chrono Boost)  
  32  5:00  Probe (Chrono Boost)  
  33  5:09  Probe (Chrono Boost)  
  33  5:10  Probe (Chrono Boost)  
  33  5:20  Probe (Chrono Boost)  
  34  5:21  Probe (Chrono Boost)  
  34  5:27  Photon Cannon  
  34  5:30  Probe (Chrono Boost)  
  34  5:31  Photon Cannon  
  34  5:32  Probe (Chrono Boost)  
  36  5:41  Probe (Chrono Boost)  
  36  5:42  Probe (Chrono Boost)  
  38  5:46  Fleet Beacon  
  38  5:53  Probe x2 (Chrono Boost)  
  40  6:03  Probe x2 (Chrono Boost)  
  42  6:14  Probe x2 (Chrono Boost)  
  44  6:19  Photon Cannon x2  
  44  6:24  Probe x2 (Chrono Boost)  
  45  6:35  Probe (Chrono Boost)  
  46  6:40  Carrier  
  46  6:43  Mothership Core (Chrono Boost)  
  46  6:45  Probe (Chrono Boost)  
  55  7:03  Pylon  
  61  7:14  Stargate  
  61  7:20  Stargate  
  61  7:21  Pylon  
  61  7:22  Pylon  
  61  7:23  Pylon  
  61  7:29  Protoss Air Weapons Level 1  
  61  7:34  Pylon  
  61  7:36  Pylon  
  61  7:58  Carrier  
  67  8:06  Carrier  
  73  8:23  Carrier  
  71  8:50  Probe (Chrono Boost)  
  72  9:01  Probe (Chrono Boost)  
  73  9:08  Protoss Air Armor Level 1  
  73  9:11  Probe (Chrono Boost)  
  74  9:23  Carrier  
  80  9:35  Carrier  
  86  9:58  Carrier  
  92  10:15  Protoss Shields Level 1  
  92  10:49  Tempest  
  63  11:56  Carrier x2  
  69  12:23  Carrier  
  57  13:39  Mothership Core (Chrono Boost)  
Show
View Real Time Build Order
Export as new Build Order

TimeTwist Zerg - Winner!

Build Orders: Pool First, Muta Ling Bane 

Get SALT Encoding   

  12  0:03  Drone  
  13  0:08  Drone  
  14  0:18  Overlord  
  14  0:22  Extractor  
  14  0:24  Drone  
  14  0:36  Drone x2  
  16  0:52  Spawning Pool, Drone  
  16  0:57  Drone  
  17  1:08  Drone  
  18  1:23  Overlord  
  18  1:38  Metabolic Boost  
  18  1:39  Queen  
  20  1:40  Zergling x4  
  22  1:51  Zergling x2  
  23  2:02  Zergling x2  
  24  2:13  Zergling x2  
  25  2:16  Queen  
  25  2:18  Hatchery  
  26  2:25  Zergling x2  
  27  2:37  Zergling x2  
  28  2:44  Overlord  
  28  2:52  Queen  
  30  3:17  Drone x3  
  30  3:18  Baneling Nest  
  30  3:19  Extractor  
  31  3:30  Drone x3  
  31  3:33  Queen  
  37  3:34  Drone  
  37  3:44  Drone x2  
  39  3:57  Drone  
  39  4:01  Drone x4  
  44  4:05  Baneling x5  
  44  4:06  Baneling x2  
  44  4:07  Baneling  
  44  4:22  Spore Crawler  
  43  4:25  Spore Crawler  
  43  4:26  Drone x2  
  44  4:34  Overlord x2  
  44  4:38  Extractor  
  43  4:39  Drone  
  44  4:48  Lair  
  44  4:54  Drone  
  44  4:55  Drone x3  
  44  4:56  Drone  
  44  4:57  Drone  
  50  5:11  Drone  
  50  5:12  Drone x2  
  53  5:20  Zergling x2  
  53  5:21  Zergling x10  
  59  5:33  Drone  
  59  5:35  Extractor  
  58  5:49  Hatchery  
  57  5:50  Centrifical Hooks  
  57  5:53  Spire  
  57  5:55  Overlord  
  57  5:56  Overlord  
  56  5:57  Drone  
  57  6:15  Drone x4  
  57  6:16  Drone x2  
  63  6:20  Drone  
  63  6:21  Drone x2  
  65  6:43  Overlord  
  65  6:45  Drone x3  
  68  6:49  Hatchery  
  67  7:03  Drone  
  67  7:07  Spore Crawler  
  67  7:13  Drone  
  68  7:16  Overlord x2  
  68  7:18  Extractor  
  68  7:21  Extractor  
  66  7:23  Drone  
  66  7:24  Drone x4  
  71  7:31  Baneling x2  
  71  7:32  Baneling x7  
  71  7:33  Baneling x6  
  71  7:34  Baneling  
  71  7:35  Zergling x10  
  71  7:36  Zergling x6  
  79  7:53  Drone  
  79  7:56  Drone x2  
  79  7:57  Drone  
  83  8:01  Drone x2  
  85  8:16  Zergling x10  
  85  8:17  Zergling x12  
  85  8:18  Zergling x4  
  98  8:24  Queen  
  100  8:28  Evolution Chamber  
  100  8:31  Infestation Pit  
  100  8:32  Evolution Chamber  
  81  9:00  Mutalisk x2  
  81  9:01  Mutalisk x7  
  81  9:02  Mutalisk x4  
  99  9:04  Overlord x4  
  88  9:36  Hive  
  88  9:38  Zerg Ground Armor Level 1  
  88  9:39  Zerg Melee Weapons Level 1  
  88  9:43  Zergling x6  
  88  9:44  Zergling x12  
  88  9:45  Zergling x12  
  97  10:09  Baneling  
  97  10:10  Baneling x6  
  97  10:11  Baneling x6  
  97  10:12  Baneling  
  80  11:07  Zergling x10  
  80  11:08  Zergling x4  
  87  11:14  Adrenal Glands  
  87  11:15  Ultralisk Cavern  
  78  11:43  Zergling x4  
  78  11:44  Zergling x8  
  79  11:59  Zergling x8  
  79  12:00  Zergling x12  
  79  12:01  Zergling x4  
  73  12:03  Zergling x4  
  73  12:04  Zergling x2  
  75  12:57  Ultralisk x5  
  75  12:58  Ultralisk x2  
  117  13:30  Zergling x4  
  117  13:31  Zergling x10  
  119  13:36  Drone  
  119  13:37  Extractor  
  117  13:52  Spore Crawler  
  117  13:54  Spore Crawler  
Tags
 
Add a new tag
Caveats
  • Supply blocks, unpowered buildings, or Contaminate may cause inaccurate times.
  • Supply counts are checked every 10 seconds.